 Dungeon Crawl Stone Soup version 0.29-a0-88-g03a7b78be7 (webtiles) character file.

Game seed: 3529872266360890211

708 enile the Sneak (level 7, -2/50 HPs)
             Began as an Octopode Brigand on Feb 5, 2022.
             Was a Believer of Makhleb.
             Engulfed by a steam dragon's steam (4 damage)
             ... on level 5 of the Dungeon.
             The game lasted 00:10:21 (5528 turns).

enile the Sneak (Octopode Brigand)                  Turns: 5528, Time: 00:10:21

Health: -2/50      AC:  1    Str: 12    XL:     7   Next: 67%
Magic:  8/8        EV: 14    Int: 14    God:    Makhleb [**....]
Gold:   216        SH:  0    Dex: 13    Spells: 7/8 levels left

rFire   . . .      SeeInvis .   q - +0 whip (elec)
rCold   . . .      Faith    .   (no shield)
rNeg    . . .      Spirit   .   (helmet currently unavailable)
rPois   .          Reflect  .   (no amulet)
rElec   .          Harm     .   (no ring)
rCorr   .          Rampage  .   (no ring)
Will    .....                   (no ring)
Stlth   ++++......              (no ring)
HPRegen 0.16/turn               (no ring)
MPRegen 0.11/turn               (no ring)
                                (no ring)
                                (no ring)

@: appendages (expiring), silenced
A: tentacle spike 3, almost no armour, amphibious, 8 rings, camouflage 1,
gelatinous body 1, (nimble swimmer 1), tentacles
a: End Transformation, Renounce Religion


You were on level 5 of the Dungeon.
You worshipped Makhleb.
Makhleb was pleased with you.
One of your tentacles had grown a beastly spike.
You visited 1 branch of the dungeon, and saw 5 of its levels.

You collected 216 gold pieces.

Inventory:

Hand Weapons
 a - a +2 dagger
 d - a +0 rapier
 p - a +0 short sword
 q - a +0 whip of electrocution (weapon)
 v - a +0 arbalest
Missiles
 b - 11 poisoned darts (quivered)
 c - 2 curare-tipped darts
 f - 6 boomerangs
Wands
 r - a wand of digging (1)
Scrolls
 e - 3 scrolls of acquirement {unknown}
 g - 2 scrolls of enchant weapon {unknown}
 h - a scroll of noise {unknown}
 l - 4 scrolls of teleportation {unknown}
 n - 4 scrolls of identify {unknown}
 o - a scroll of magic mapping {unknown}
 s - 3 scrolls of fear {unknown}
 t - a scroll of holy word {unknown}
 u - a scroll of torment {unknown}
Potions
 i - a potion of resistance {unknown}
 j - 2 potions of curing {unknown}
 k - a potion of mutation {unknown}
 w - 2 potions of berserk rage {unknown}


   Skills:
 - Level 5.0 Fighting
 - Level 2.1 Short Blades
 - Level 1.0 Maces & Flails
 - Level 2.1 Throwing
 - Level 4.0 Dodging
 + Level 7.5 Stealth
 - Level 1.0 Spellcasting
 - Level 2.0 Transmutations
 - Level 2.0 Invocations


You had 7 spell levels left.
You knew the following spells:

 Your Spells              Type           Power      Damage    Failure   Level
a - Beastly Appendage     Tmut           12%        N/A       12%         1

Your spell library contained the following spells:

 Spells                   Type           Power      Damage    Failure   Level
 Wereblood                Tmut           6%         N/A       17%         2
 Magic Dart               Conj           0%         1d3       26%         1
 Searing Ray              Conj           0%         2d4       36%         2
 Spider Form              Tmut/Pois      3%         N/A       45%         3
 Fulminant Prism          Conj/Hex       0%         3d6       95%         4


Dungeon Overview and Level Annotations

Branches:
Dungeon (5/15)
 Temple: D:4-7

Altars:
Makhleb

Annotations:
D:4 2 transporters, JamezByez's ghost, amateur MiBe


Innate Abilities, Weirdness & Mutations

One of your tentacles has grown a beastly spike.
You cannot wear most types of armour.
You are amphibious.
You can wear up to eight rings at the same time.
Your skin changes colour to match your surroundings (Stealth+).
Your rubbery body absorbs attacks. (AC +1, EV +1)
((You are camouflaged when in or above water. (Stealth+)))
You have tentacles for arms and can constrict up to eight enemies at once.


Message History

A steam dragon is nearby!
A steam dragon is nearby!
The steam dragon hisses angrily.
The steam dragon breathes steam at you. The ball of steam hits you!
There is an open door here.
You close the door.
Casting: Beastly Appendage (safe; 12% risk of failure)
Confirm with . or Enter, or press ? or * to list all spells.
One of your tentacles grows a vicious spike.
Your transformation is almost over.
You hit the steam dragon but do no damage.
Lightning courses through the steam dragon!
Your squeeze misses the steam dragon.
The steam dragon is moderately wounded.
The steam dragon closely misses you. x2
You hit the steam dragon but do no damage.
Lightning courses through the steam dragon!
The steam dragon is heavily wounded.
The steam dragon breathes steam at you. The ball of steam hits you!
You closely miss the steam dragon.
Your tentacle spike misses the steam dragon.
Your squeeze misses the steam dragon.
The steam dragon is heavily wounded.
You are engulfed in a cloud of scalding steam.
* * * LOW HITPOINT WARNING * * *
The steam dragon closely misses you. The steam dragon barely misses you.
The steam dragon bites you!
* * * LOW HITPOINT WARNING * * *
The steam dragon claws you.
* * * LOW HITPOINT WARNING * * *
Press: ? - help, v - describe, . - travel
Here: a steam dragon (heavily wounded)
The floor.
Okay, then.
As you read the scroll labelled NIRYR KAIMOMON, it crumbles to dust.
A profound silence engulfs you.
It was a scroll of silence.
You are engulfed in a cloud of scalding steam.
You die...

.##. #.# .... ≈#..# #.# ...
^#..###.# ... ≈#...##.## #'#
≈#...##..# #.#
.#.......######.######
≈#..........)........#.#..#
.#........#####.####.#.#..#
.#....###Z.####§@D.#.#.#..#
≈.##..........§§§#.#.#D#..#
^P≈##...##.####§§#........#
...^#...##.## #§§#..<.....#
....#...#...###..##D.....##..#
....#...#...##....+..........#
...##...#....##.###....)......
..### .#....##...'......###!#
###.# #.....#.###........#


You could see a steam dragon (unsilenced).

Vanquished Creatures
  3 ogres
  A scorpion (D:5)
  4 jellies
  A bullfrog zombie (D:3)
  A centaur skeleton (D:5)
  A hound (D:5)
  2 iguanas
  Ijyb (D:5)
  An adder (D:5)
  A worm (D:3)
  4 dart slugs
  4 orcs
  5 bats
  16 endoplasms
  6 giant cockroaches
  6 goblins
  4 hobgoblins
  6 jackals
  13 kobolds
  2 quokkas
  10 ball pythons
  6 frilled lizards
  6 rats
104 creatures vanquished.

Vanquished Creatures (others)
  19 fungi
  8 toadstools (D:2)
27 creatures vanquished.

Grand Total: 131 creatures vanquished

Notes
Turn   | Place    | Note
-------+----------+-------------------------------------------
     0 | D:1      | enile the Octopode Brigand began the quest for the Orb.
     0 | D:1      | Reached XP level 1. HP: 14/14 MP: 1/1
    37 | D:1      | Found a burning altar of Makhleb.
    57 | D:1      | Became a worshipper of Makhleb the Destroyer
   125 | D:1      | Reached XP level 2. HP: 19/19 MP: 2/2
   770 | D:2      | Reached XP level 3. HP: 24/25 MP: 3/3
   940 | D:2      | Reached * piety under Makhleb
  1167 | D:2      | Reached skill level 1 in Invocations
  1926 | D:2      | Reached XP level 4. HP: 31/31 MP: 5/5
  1933 | D:2      | Reached skill level 6 in Stealth
  2188 | D:2      | Reached XP level 5. HP: 32/36 MP: 6/6
  2232 | D:2      | HP: 1/36 [acid (3)]
  3049 | D:3      | Reached ** piety under Makhleb
  3366 | D:3      | Reached XP level 6. HP: 41/43 MP: 7/7
  3658 | D:4      | Noticed a water moccasin
  3667 | D:4      | Found a transporter.
  3667 | D:4      | Noticed JamezByez's ghost (amateur MiBe)
  3670 | D:4      | Found a transporter.
  3681 | D:4      | Learned a level 1 spell: Beastly Appendage
  4081 | D:4      | Reached skill level 7 in Stealth
  4081 | D:4      | Reached skill level 1 in Transmutations
  4539 | D:4      | Reached skill level 1 in Spellcasting
  4539 | D:4      | Reached XP level 7. HP: 17/49 MP: 6/8
  4862 | D:5      | Entered Level 5 of the Dungeon
  5097 | D:5      | Reached skill level 5 in Fighting
  5412 | D:5      | Noticed a steam dragon
  5425 | D:5      | Noticed a steam dragon
  5454 | D:5      | Reached skill level 1 in Maces & Flails
  5462 | D:5      | Noticed Ijyb
  5477 | D:5      | Killed Ijyb
  5527 | D:5      | HP: 2/50 [steam dragon (1)]
  5528 | D:5      | Engulfed by a steam dragon's steam

Illustrated notes

Levels and vault maps discovered:
D:1:      saegor_arrival_simple_e, layout_basic, serial_glass, glass_columns_a,
          glass_columns_c, minmay_misc_feat_secret_circle, minmay_hexomino_r4
D:2:      cheibrodos_fertilizer, layout_basic
D:3:      layout_loops_ring
D:4:      layout_basic, gammafunk_ghost_arena
D:5:      kennysheep_steamy, layout_basic, minmay_crossroads, uniq_ijyb,
          uniq_crazy_yiuf_cottage

Skill      XL: |  1  2  3  4  5  6  7 |
---------------+----------------------+-----
Fighting       | 3 4 5 |  5.0
Invocations    | 2 |  2.0
Stealth        | 6 7 |  7.5
Dodging        | 2 3 4 |  4.0
Transmutations | 2 |  2.0
Spellcasting   | 1 |  1.0
Maces & Flails | 1 |  1.0
Short Blades   | |  2.1
Throwing       | |  2.1

Action                   |  1- 3 |  4- 6 |  7- 9 || total
-------------------------+-------+-------+-------++-------
Melee: Dagger            |    72 |       |       ||    72
       Constrict         |    15 |    20 |     4 ||    39
       Tentacles         |    12 |    18 |    11 ||    41
       Whip              |     3 |    96 |    43 ||   142
       Punch             |     1 |     1 |     1 ||     3
       Kick              |       |     5 |     3 ||     8
Throw: Dart              |     1 |     5 |     4 ||    10
       Throwing net      |       |     2 |       ||     2
 Cast: Beastly Appendage |       |     9 |     3 ||    12
  Use: Scroll            |       |       |     1 ||     1
 Stab: Sleeping          |    19 |    18 |       ||    37
       Held in net/web   |       |     1 |       ||     1
Armor: Skin              |     2 |     2 |     1 ||     5
Dodge: Dodged            |    36 |    42 |    44 ||   122

Table legend: (Time is in decaauts)
 A = Elapsed time spent in this place.
 B = Non-inter-level travel time spent in this place.
 C = Inter-level travel time spent in this place.
 D = Time resting spent in this place.
 E = Time spent auto-exploring this place.
 F = Levels seen in this place.
 G = Mean time per level.
                   A        B        C        D        E       F      G
               +--------+--------+--------+--------+--------+-----+--------+
         Total |   5531 |   5387 |    144 |    212 |   4219 |   5 | 1106.2 |
       Dungeon |   5531 |   5387 |    144 |    212 |   4219 |   5 | 1106.2 |
               +--------+--------+--------+--------+--------+-----+--------+

Top non-repeatable levels by time:
     D:2: 1897 daAuts
     D:4: 1222 daAuts
     D:3: 1017 daAuts
     D:1: 724 daAuts
     D:5: 669 daAuts
